Map: [ESL] Data-C

Players

Bunny

  • Race: Terran Terran
  • League: Silver
  • Spawn Location: 9:00

GuMiho - Winner!

  • Race: Terran Terran
  • League: Master
  • Spawn Location: 3:00

VOD

Have the link to the VOD?

Description

Time

  • Played on: Nov. 3, 2022, 9:32 a.m.
  • Length: 14:31
Show
View Real Time Build Order
Export as new Build Order

Bunny Terran 

Build Orders:  

Get SALT Encoding   

  12  0:00  SCV  
  13  0:12  SCV  
  14  0:16  Supply Depot  
  14  0:24  SCV  
  15  0:38  SCV  
  15  0:40  Barracks  
  16  0:42  Refinery  
  16  0:50  SCV  
  16  0:52  Refinery  
  17  1:02  SCV  
  18  1:14  SCV  
  19  1:27  Reaper, Orbital Command  
  20  1:32  Supply Depot  
  20  1:43  Factory  
  20  1:52  SCV  
  21  1:59  Reaper  
  22  2:04  SCV  
  23  2:16  SCV  
  24  2:23  Command Center  
  24  2:27  Hellion  
  26  2:31  Reaper  
  26  2:38  SCV  
  26  2:48  Hellion  
  26  2:49  Supply Depot  
  26  2:50  SCV  
  29  3:00  Starport  
  29  3:03  Reaper  
  29  3:04  SCV  
  31  3:11  Hellion  
  33  3:16  SCV  
  34  3:25  Supply Depot  
  34  3:28  SCV  
  34  3:33  Factory Tech Lab  
  35  3:36  Barracks Reactor, Starport Tech Lab  
  35  3:40  SCV  
  36  3:47  Refinery  
  36  3:51  Cyclone  
  36  3:52  SCV  
  36  3:55  Banshee  
  43  4:04  SCV  
  43  4:06  Orbital Command  
  44  4:11  Marine  
  44  4:12  Marine  
  44  4:16  SCV  
  47  4:23  Siege Tank  
  50  4:28  SCV  
  50  4:29  Marine x2  
  53  4:33  SCV  
  54  4:39  Supply Depot  
  54  4:40  SCV  
  54  4:42  Raven  
  54  4:45  SCV  
  58  4:49  Marine x2  
  60  4:52  SCV  
  61  5:01  Siege Tank  
  61  5:04  SCV  
  61  5:05  SCV  
  65  5:13  Marine  
  65  5:14  Supply Depot, Refinery, Marine  
  67  5:16  SCV  
  67  5:17  SCV  
  69  5:35  SCV, Raven  
  70  5:36  SCV  
  70  5:38  Marine x2  
  75  5:45  Siege Tank  
  75  5:46  Supply Depot  
  78  5:52  Command Center, SCV  
  78  5:53  SCV  
  78  5:56  Marine x2  
  82  6:05  SCV x2  
  81  6:17  SCV x2  
  82  6:21  Siege Tank  
  83  6:29  SCV x2  
  83  6:31  Viking x2  
  78  6:33  Marine  
  78  6:37  Stimpack  
  78  6:38  Barracks  
  78  6:39  Barracks  
  79  6:41  SCV x2  
  81  6:49  Engineering Bay x2  
  81  6:51  Marine  
  81  6:53  Siege Tank  
  85  7:01  Viking x2  
  85  7:04  SCV x2  
  85  7:05  Orbital Command  
  91  7:10  Marine  
  92  7:22  Terran Infantry Armor Level 1, Terran Infantry Weapons Level 1  
  92  7:24  Barracks  
  92  7:25  Barracks  
  92  7:28  Barracks Reactor x2  
  92  7:29  Siege Tank  
  95  7:33  Viking  
  97  7:39  Barracks Reactor  
  97  7:40  Viking  
  97  7:49  Barracks Reactor  
  97  7:54  Supply Depot, Marine  
  97  7:55  Sensor Tower  
  98  8:01  Siege Tank  
  101  8:07  Supply Depot x3  
  101  8:11  Missile Turret  
  101  8:12  Barracks Reactor x2  
  101  8:15  Medivac, Marine  
  101  8:18  Marine x2  
  106  8:22  Medivac  
  108  8:29  Marine x2  
  108  8:32  Supply Depot  
  108  8:33  Combat Shield, Marine  
  108  8:34  Supply Depot  
  111  8:36  Marine x2  
  107  8:47  Siege Tank, Marine x2  
  112  8:51  Marine  
  112  8:53  Marine  
  112  8:54  Medivac, Marine  
  117  8:59  Marine x4  
  119  9:04  Medivac, Marine  
  119  9:05  Marine  
  119  9:09  Marine  
  124  9:11  Supply Depot, Marine  
  124  9:13  Supply Depot  
  124  9:17  Marine x4  
  129  9:25  Siege Tank  
  129  9:26  Marine x3  
  135  9:36  Liberator  
  140  9:39  Medivac  
  140  9:45  Marine x6  
  141  9:46  Marine  
  150  10:00  Siege Tank  
  148  10:07  Marine  
  148  10:08  Marine x2  
  151  10:16  Marine  
  151  10:17  Marine x5  
  151  10:20  Medivac  
  159  10:25  Marine x3  
  159  10:26  Medivac  
  163  10:39  Siege Tank  
  163  10:40  Orbital Command  
  151  10:48  Marine x9  
  149  11:01  Medivac x2  
  153  11:06  Marine  
  153  11:07  Marine x6  
  153  11:08  Marine  
  161  11:13  Sensor Tower  
  144  11:23  Siege Tank  
  137  11:27  Marine  
  137  11:28  Marine x5  
  139  11:37  Medivac x2  
  139  11:38  Marine x3  
  144  11:45  Marine x6  
  147  11:56  Marine x3  
  139  12:02  Siege Tank  
  139  12:03  Marine x6  
  139  12:07  Liberator  
  149  12:10  Viking  
  149  12:14  Marine x2  
  153  12:18  Marine  
  153  12:21  Marine x2  
  156  12:29  Marine x4  
  138  12:31  Marine  
  138  12:32  Marine  
  138  12:35  Marine  
  125  12:38  Siege Tank  
  125  12:39  Marine x2  
  125  12:47  Marine x4  
  125  12:49  Marine  
  125  12:50  Marine  
  125  12:53  Marine  
  125  12:56  Marine  
  125  12:57  Marine  
  128  13:01  Armory  
  128  13:05  Marine x3  
  131  13:10  Siege Tank  
  134  13:14  Command Center  
  134  13:18  Marine  
  134  13:19  Marine x5  
  140  13:22  Marine  
  140  13:23  Marine  
  142  13:28  Sensor Tower  
  142  13:34  Marine  
  143  13:36  Marine  
  143  13:37  Marine x3  
  135  13:49  Siege Tank  
  135  13:54  Marine x8  
  121  14:08  Marine  
  91  14:12  Marine x4  
Show
View Real Time Build Order
Export as new Build Order

GuMiho Terran - Winner!

Build Orders:  

Get SALT Encoding   

  12  0:00  SCV  
  13  0:12  SCV  
  14  0:17  Supply Depot  
  14  0:24  SCV  
  15  0:38  Refinery  
  15  0:40  Barracks  
  15  0:54  Barracks  
  15  0:57  SCV  
  16  1:09  SCV  
  17  1:21  SCV  
  18  1:27  Reaper  
  18  1:29  Supply Depot  
  19  1:33  Orbital Command  
  19  1:40  Reaper  
  20  1:59  SCV  
  20  2:00  Reaper  
  22  2:11  SCV  
  23  2:18  Reaper  
  23  2:20  Command Center  
  24  2:23  SCV  
  25  2:39  SCV  
  25  2:41  Supply Depot  
  25  2:43  Refinery  
  26  2:51  SCV  
  27  2:55  Factory, Marine  
  28  3:03  SCV  
  29  3:14  Barracks Reactor  
  29  3:15  SCV  
  29  3:17  Bunker  
  30  3:27  SCV  
  30  3:30  Refinery  
  30  3:32  Orbital Command  
  31  3:39  SCV  
  31  3:41  Factory Tech Lab, Starport  
  32  3:51  SCV  
  32  3:53  Engineering Bay  
  33  3:57  Marine x2  
  35  4:03  SCV  
  35  4:04  SCV  
  35  4:05  Factory Tech Lab  
  37  4:10  Supply Depot, Stimpack  
  37  4:14  Marine  
  37  4:15  Marine x2  
  37  4:16  SCV  
  41  4:21  Terran Infantry Weapons Level 1  
  41  4:28  SCV  
  41  4:29  SCV  
  41  4:30  Starport Reactor  
  43  4:32  Siege Tank  
  43  4:35  Marine  
  43  4:36  Marine  
  43  4:38  Marine  
  49  4:41  Supply Depot  
  49  4:44  SCV  
  49  4:45  SCV  
  51  4:54  Marine x2  
  51  4:55  Marine  
  51  4:56  SCV  
  51  4:57  SCV  
  55  5:07  Medivac x2  
  55  5:08  SCV  
  55  5:09  SCV  
  55  5:12  Supply Depot, Marine x2  
  55  5:13  Marine  
  64  5:20  SCV, Missile Turret  
  62  5:21  SCV  
  62  5:26  Cyclone  
  65  5:29  Marine  
  65  5:30  Marine  
  65  5:34  SCV  
  65  5:35  SCV, Marine  
  66  5:46  SCV  
  66  5:47  SCV, Marine x2  
  70  5:50  Barracks  
  70  5:52  Combat Shield, Marine  
  70  5:54  Starport Reactor  
  71  6:00  Siege Tank  
  74  6:05  Marine x2  
  74  6:06  SCV x2  
  73  6:11  Marine  
  72  6:18  SCV x2  
  72  6:23  Marine  
  72  6:30  SCV  
  72  6:32  Siege Tank  
  68  6:33  Marine x2  
  68  6:34  SCV  
  68  6:35  Terran Infantry Armor Level 1  
  73  6:41  Medivac  
  73  6:42  SCV, Medivac  
  78  6:52  Supply Depot  
  78  6:53  SCV  
  77  6:54  SCV  
  78  7:01  Supply Depot  
  78  7:04  Command Center  
  78  7:14  SCV x2  
  78  7:15  Barracks  
  80  7:16  Supply Depot, Barracks, Marine  
  80  7:17  Marine x3  
  84  7:23  Siege Tank  
  84  7:26  SCV x2  
  89  7:35  Marine x3  
  89  7:36  Marine x2  
  93  7:38  SCV x2  
  91  7:52  Viking  
  91  7:53  Marine x4  
  91  7:55  Siege Tank  
  96  7:58  Viking  
  96  8:05  SCV x2  
  97  8:07  Marine  
  97  8:09  Barracks Reactor x2  
  98  8:15  Supply Depot  
  98  8:17  SCV x2  
  98  8:19  Orbital Command  
  100  8:22  Marine  
  100  8:24  Supply Depot, Marine  
  102  8:27  Medivac  
  102  8:30  Medivac  
  102  8:32  SCV  
  107  8:35  SCV  
  107  8:36  Refinery  
  104  8:43  Marine x2  
  104  8:44  Marine x2  
  104  8:45  Marine x3  
  104  8:46  Marine  
  104  8:47  Marine  
  113  8:50  SCV x2  
  113  8:51  SCV  
  116  9:02  Armory, Marine x4  
  117  9:03  Engineering Bay  
  117  9:05  Marine x3  
  120  9:11  SCV x3  
  120  9:12  Marine x2  
  124  9:19  Marine x2  
  124  9:20  Marine x2  
  124  9:23  SCV x2, Marine x2  
  124  9:24  Marine  
  133  9:30  Supply Depot  
  133  9:32  Supply Depot  
  133  9:36  Supply Depot  
  133  9:47  Supply Depot  
  133  9:49  Supply Depot  
  133  9:51  Marine  
  133  9:52  Terran Infantry Armor Level 2, Terran Infantry Weapons Level 2  
  134  9:54  Marine x6  
  134  9:55  Siege Tank  
  142  10:00  SCV x2  
  142  10:01  SCV  
  142  10:03  Sensor Tower  
  145  10:08  Marine x2  
  145  10:09  Marine  
  145  10:12  Medivac, Marine x3  
  150  10:15  Medivac  
  150  10:18  Marine x2  
  150  10:20  Marine  
  155  10:26  Marine x2  
  157  10:30  Siege Tank  
  160  10:38  Marine  
  160  10:39  Marine  
  160  10:40  Marine x2  
  160  10:42  Marine x2  
  142  10:44  Marine x2  
  142  10:46  Medivac  
  142  10:47  Medivac  
  142  10:48  Marine  
  148  10:55  Marine  
  148  10:57  Marine  
  148  10:58  Marine  
  148  10:59  Command Center, Marine  
  148  11:00  Marine  
  148  11:02  Siege Tank  
  155  11:06  Marine x3  
  155  11:07  Marine  
  159  11:13  Marine  
  159  11:14  Factory  
  159  11:16  Supply Depot  
  121  11:37  Siege Tank  
  121  11:38  Marine x5  
  121  11:39  Medivac x2, Marine x4  
  130  11:55  Marine x2  
  130  11:56  Marine x4  
  130  11:57  Marine x2  
  130  11:58  Marine  
  116  12:09  Medivac, Siege Tank  
  116  12:13  Marine x3  
  116  12:14  Marine x3  
  116  12:15  Marine x2  
  127  12:16  Marine  
  102  12:31  Marine x4  
  102  12:32  Marine x2  
  102  12:34  Marine x2  
  102  12:35  Marine  
  108  12:42  Siege Tank  
  111  12:49  Marine x4  
  111  12:50  Marine  
  115  12:52  Marine x3  
  115  12:53  Marine  
  115  12:54  SCV  
  115  12:55  SCV  
  115  12:57  SCV  
  120  13:05  Factory Tech Lab  
  120  13:06  SCV  
  120  13:07  SCV, Marine x3  
  120  13:10  Marine x6  
  130  13:24  Marine  
  130  13:25  SCV x2, Marine x2  
  130  13:26  SCV  
  135  13:27  Marine  
  135  13:28  Marine x2  
  138  13:34  Marine x3  
  140  13:42  Marine x3  
  140  13:45  Marine  
  144  13:53  Marine  
  144  13:54  Marine x4  
  141  14:00  Marine x3  
  136  14:03  Marine  
  115  14:11  Marine x4  
  113  14:12  Marine  
Tags
 
Add a new tag
Caveats
  • Supply blocks, unpowered buildings, or Contaminate may cause inaccurate times.
  • Supply counts are checked every 10 seconds.